 Dungeon Crawl Stone Soup version 0.27-a0-1590-g15f69828bf (webtiles) character file.

Game seed: 13480693978572341153

627 Aviak the Ducker (level 7, -5/52 HPs)
             Began as a Djinni Conjurer on July 18, 2021.
             Slain by a black bear (12 damage)
             ... on level 4 of the Dungeon.
             The game lasted 00:05:57 (4243 turns).

Aviak the Ducker (Djinni Conjurer)                  Turns: 4243, Time: 00:05:58

Health: -5/52      AC:  4    Str:  5 (6)  XL:     7   Next: 77%
Gold:   42         EV: 12    Int: 18 (21) God:
                   SH:  0    Dex:  9 (12)

rFire    + + +     SeeInvis .   p - +0 hand axe (elec)
rCold    . . .     Faith    .   (no shield)
rNeg     . . .     Spirit   .   q - +0 leather armour
rPois    ∞         Reflect  .   (no helmet)
rElec    +         Harm     .   m - scarf {repulsion}
rCorr    +         Rampage  .   f - +0 pair of gloves
Will     .....                  (boots unavailable)
Stlth    +.........             (no amulet)
HPRegen  0.17/turn              (no ring)
MPRegen  0.00/turn              (no ring)

@: resistant, flying, very slightly contaminated, repel missiles
A: sickness immunity, fire resistance 2, cold vulnerability 1, float, innate
caster, hp casting, extra vitality 1
a: no special abilities


You were on level 4 of the Dungeon.
You visited 1 branch of the dungeon, and saw 4 of its levels.

You collected 88 gold pieces.
You spent 46 gold pieces at shops.

Inventory:

Hand Weapons
 o - a +0 rapier
 p - a +0 hand axe of electrocution (weapon)
Missiles
 c - 8 atropa-tipped darts
Armour
 a - a +0 robe
 f - a +0 pair of gloves (worn)
 m - a scarf of repulsion (worn)
 q - a +0 leather armour (worn)
Jewellery
 h - an amulet of guardian spirit
Scrolls
 d - a scroll of fear
 i - 2 scrolls of identify
 k - a scroll of blinking {unknown}
 l - a scroll of magic mapping {unknown}


   Skills:
 + Level 4.3 Fighting
 + Level 5.3 Dodging
 - Level 1.5 Stealth
 + Level 4.7 Spellcasting


You couldn't memorise any spells.
You knew the following spells:

 Your Spells              Type           Power      Damage    Failure   Level
a - Magic Dart            Conj           84%        1d7       3%          1
b - Searing Ray           Conj           42%        3d4       4%          2
c - Dazzling Flash        Conj/Hex       42%        N/A       10%         3
d - Fulminant Prism       Conj/Hex       10%        3d9       32%         4
e - Iskenderun's Mystic   Conj/Tloc      21%        2d6       32%         4
f - Summon Small Mammal   Summ           84%        N/A       3%          1
g - Call Imp              Summ           21%        N/A       4%          2
h - Static Discharge      Conj/Air       21%        N/A       4%          2
Your spell library was empty.

Dungeon Overview and Level Annotations

Branches:
Dungeon (4/15)
 Temple: D:4-7

Altars:
Wu Jian

Shops:
D:2 *   D:3 ?*[?


Innate Abilities, Weirdness & Mutations

You are immune to sickness and miasma.
You are immune to poison.
Your flesh is very heat resistant. (rF++)
You are vulnerable to cold. (rC-)
You float through the air rather than walking.
You learn spells naturally, not from books.
Your magical power is your life essence.
You have superior vitality. (+4 HP)


Message History

The black bear is moderately wounded.
The black bear bites you!
The black bear claws you but does no damage.
The black bear claws you.
The searing ray hits the black bear.
The black bear is heavily wounded.
The black bear misses you. The black bear barely misses you.
The black bear closely misses you.
The searing ray hits the black bear.
The black bear is severely wounded.
You finish channeling your searing ray.
The black bear misses you. The black bear claws you. x2
Casting: Searing Ray (safe; 4% risk of failure)
Confirm with . or Enter, or press ? or * to list all spells.
Aiming: Searing Ray (safe; 4% risk of failure)
Press: ? - help, Shift-Dir - straight line, f/p - black bear
Aim: a black bear (severely wounded, 84% to hit)
You miscast Searing Ray.
Nothing appears to happen.
The black bear goes berserk!
The black bear barely misses you. The black bear claws you.
The black bear misses you. The black bear bites you!
The black bear barely misses you.
The black bear claws you but does no damage.
Casting: Searing Ray (safe; 4% risk of failure)
Confirm with . or Enter, or press ? or * to list all spells.
Aiming: Searing Ray (safe; 4% risk of failure)
Press: ? - help, Shift-Dir - straight line, f/p - black bear
Aim: a black bear (severely wounded, berserk, 84% to hit)
The searing ray misses the black bear. (Press . to maintain the ray.)
The black bear bites you!
* * * LOW HITPOINT WARNING * * *
The black bear closely misses you. The black bear misses you.
Unknown command.
You can't see any enemies this would affect, really read the scroll of fear?
Okay, then.
It was a potion of resistance.
You feel protected. The black bear bites you!
You die...

########
#......#
#.####@#
###.####h#
.. ...#.#
#.##.#.#
#......#
...
####.###
#.# #h#
#.#
#####.###
#### ##'##
##.......#
#.≈..


You could see a black bear (berserk).

Vanquished Creatures
  Eustachio (D:4)
  A necrophage (D:4)
  2 scorpions
  A water moccasin skeleton (D:4)
  3 hounds (D:4)
  4 adders
  A worm (D:2)
  3 dart slugs
  10 orcs
  4 ball pythons
  6 endoplasms
  9 hobgoblins
  15 jackals
  2 kobolds
  8 quokkas
  5 bats
  2 frilled lizards
  8 goblins
  7 rats
92 creatures vanquished.

Vanquished Creatures (others)
  A fungus (D:2)
  6 plants (D:2)
7 creatures vanquished.

Grand Total: 99 creatures vanquished

Notes
Turn   | Place    | Note
-------+----------+-------------------------------------------
     0 | D:1      | Aviak the Djinni Conjurer began the quest for the Orb.
     0 | D:1      | Reached XP level 1. HP: 15/15 MP: 0/0
   245 | D:1      | Reached XP level 2. HP: 19/22 MP: 0/0
   488 | D:1      | Reached skill level 1 in Fighting
   875 | D:1      | Reached XP level 3. HP: 25/27 MP: 0/0
   875 | D:1      | Learned a level 1 spell: Summon Small Mammal
  1407 | D:1      | You are sucked into a shaft and drop 1 floor!
  1481 | D:2      | Reached skill level 3 in Dodging
  1486 | D:2      | Reached XP level 4. HP: 12/32 MP: 0/0
  1812 | D:2      | Found a faded altar of an unknown god.
  2399 | D:2      | Found Qyqayrac's Assorted Antiques.
  2410 | D:2      | Bought a scroll labelled ARECRI LAELUEDI for 23 gold pieces
  2410 | D:2      | Bought a scroll labelled ARECRI LAELUEDI for 23 gold pieces
  2679 | D:3      | Found Kyaw's General Store.
  2699 | D:3      | Found Zusoets's Magic Scroll Shop.
  2707 | D:3      | Noticed a scorpion
  2721 | D:3      | Killed a scorpion
  2722 | D:3      | Reached XP level 5. HP: 35/39 MP: 0/0
  2722 | D:3      | Learned a level 2 spell: Call Imp
  3054 | D:3      | Found Cizoasko's Magic Scroll Emporium.
  3067 | D:3      | Found Rirol's Armour Boutique.
  3189 | D:3      | Found an ornate altar of the Wu Jian Council.
  3431 | D:4      | Reached skill level 4 in Dodging
  3431 | D:4      | Reached XP level 6. HP: 35/46 MP: 0/0
  3531 | D:4      | Noticed Eustachio
  3544 | D:4      | Killed Eustachio
  3545 | D:4      | Reached XP level 7. HP: 20/51 MP: 0/0
  3545 | D:4      | Learned a level 2 spell: Static Discharge
  3835 | D:4      | Reached skill level 5 in Dodging
  3948 | D:4      | Gained mutation: You tend to lose your temper in combat.
                  | [potion of mutation]
  3948 | D:4      | Lost mutation: You tend to lose your temper in combat.
                  | [potion of mutation]
  4243 | D:4      | Slain by a black bear

Illustrated notes

Levels and vault maps discovered:
D:1:      dpeg_arrival_radiant, layout_loops_corners, serial_forest,
          infiniplex_forest_lined_3
D:2:      layout_loops_ring, serial_shops, nicolae_lakefront_shop,
          shapermc_ecumenical_altar_mp_ritualfount, serial_glass,
          glass_columns_a, glass_columns_a
D:3:      layout_rooms, lemuel_round_altar, serial_shops,
          nicolae_shop_temple_entry_statues_fountains, shop_fountains,
          nicolae_lakefront_shop, nicolae_square_shop, minmay_tree_intersection
D:4:      layout_loops_corners, kennysheep_decorative_pillar,
          kennysheep_another_room, nzn_random_ring, uniq_pikel, uniq_natasha,
          uniq_eustachio

Skill      XL: |  1  2  3  4  5  6  7 |
---------------+----------------------+-----
Fighting       | 1 2 3 4 |  4.3
Dodging        | 3 4 5 |  5.3
Spellcasting   | 4 |  4.7
Stealth        | |  1.5

Action                   |  1- 3 |  4- 6 |  7- 9 || total
-------------------------+-------+-------+-------++-------
Melee: Hand axe          |       |       |    13 ||    13
       Rapier            |       |       |     5 ||     5
 Cast: Magic Dart        |    66 |    32 |     2 ||   100
       Searing Ray       |     2 |    22 |    11 ||    35
  Use: Scroll            |       |     3 |       ||     3
       Potion            |       |       |     5 ||     5
 Stab: Distracted        |       |       |     1 ||     1
Armor: Robe              |     2 |     7 |     6 ||    15
       Leather armour    |       |       |     6 ||     6
Dodge: Dodged            |     1 |    23 |    54 ||    78
       Repelled          |       |       |     1 ||     1

Table legend: (Time is in decaauts)
 A = Elapsed time spent in this place.
 B = Non-inter-level travel time spent in this place.
 C = Inter-level travel time spent in this place.
 D = Time resting spent in this place.
 E = Time spent auto-exploring this place.
 F = Levels seen in this place.
 G = Mean time per level.
                   A        B        C        D        E       F      G
               +--------+--------+--------+--------+--------+-----+--------+
         Total |   4228 |   4188 |     40 |    416 |   3237 |   4 | 1057.0 |
       Dungeon |   4228 |   4188 |     40 |    416 |   3237 |   4 | 1057.0 |
               +--------+--------+--------+--------+--------+-----+--------+

Top non-repeatable levels by time:
     D:1: 1407 daAuts
     D:2: 1266 daAuts
     D:3: 988 daAuts
     D:4: 566 daAuts
